 Dungeon Crawl Stone Soup version 0.27-a0-1137-g3ef0f4ec91 (webtiles) character file.

Game seed: 15692219499965646153

63 voltaire321 the Insei (level 4, -1/29 HPs)
             Began as an Octopode Transmuter on May 6, 2021.
             Slain by an orc warrior
             ... wielding a +2 short sword of speed
              (4 damage)
             ... on level 2 of the Dungeon.
             The game lasted 00:04:25 (1935 turns).

voltaire321 the Insei (Octopode Transmuter)         Turns: 1935, Time: 00:04:25

Health: -1/29      AC:  1    Str:  9    XL:     4   Next: 9%
Magic:  6/7        EV: 13    Int: 15    God:
Gold:   80         SH:  0    Dex: 13    Spells: 1/7 levels left

rFire    . . .     SeeInvis .     - Unarmed
rCold    . . .     Faith    .   (no shield)
rNeg     . . .     Spirit   .   (helmet currently unavailable)
rPois    .         Reflect  .   (no amulet)
rElec    .         Harm     .   (no ring)
rCorr    .         Rampage  .   (no ring)
Will     .....                  (no ring)
Stlth    ++........             (no ring)
HPRegen  0.09/turn              (no ring)
MPRegen  0.10/turn              (no ring)
                                (no ring)
                                (no ring)

@: appendages (expiring)
A: tentacle spike 3, almost no armour, amphibious, 8 rings, camouflage 1,
gelatinous body 1, (nimble swimmer 1), tentacles
a: End Transformation


You were on level 2 of the Dungeon.
One of your tentacles had grown a beastly spike.
You visited 1 branch of the dungeon, and saw 2 of its levels.

You collected 80 gold pieces.

Inventory:

Missiles
 g - 15 poisoned darts
Scrolls
 b - a scroll of teleportation {unknown}
 d - a scroll of blinking {unknown}
 f - a scroll of enchant weapon {unknown}
 h - a scroll of fog {unknown}
Potions
 a - 2 potions of curing {unknown}
 c - a potion of magic {unknown}
 e - a potion of attraction {unknown}


   Skills:
 + Level 1.7 Fighting
 + Level 2.5 Dodging
 + Level 3.4 Unarmed Combat
 + Level 2.4 Spellcasting
 + Level 2.5 Transmutations
 + Level 0.0 Poison Magic


You had one spell level left.
You knew the following spells:

 Your Spells              Type           Power      Damage    Failure   Level
a - Beastly Appendage     Tmut           18%        N/A       8%          1
b - Wereblood             Tmut           9%         N/A       11%         2
c - Spider Form           Tmut/Pois      2%         N/A       36%         3

Your spell library contained the following spells:

 Spells                   Type           Power      Damage    Failure   Level
 Magic Dart               Conj           4%         1d3       22%         1
 Blink                    Tloc           N/A        N/A       32%         2
 Call Imp                 Summ           1%         N/A       32%         2
 Slow                     Hex            1%         N/A       32%         2
 Conjure Flame            Conj/Fire      1%         6-21      54%         3
 Mephitic Cloud           Conj/Pois/Air  1%         N/A       54%         3
 Ice Form                 Ice/Tmut       5%         N/A       77%         4
 Hydra Form               Tmut           4%         N/A       90%         5


Dungeon Overview and Level Annotations

Branches:
Dungeon (2/15)

Altars:

Annotations:
D:2 Terence


Innate Abilities, Weirdness & Mutations

One of your tentacles has grown a beastly spike.
You cannot wear most types of armour.
You are amphibious.
You can wear up to eight rings at the same time.
Your skin changes colour to match your surroundings (Stealth+).
Your rubbery body absorbs attacks. (AC +1, EV +1)
((You are camouflaged near water. (Stealth+)))
You have tentacles for arms and can constrict up to eight enemies at once.


Message History

You start resting.
HP restored.
There is a stone staircase leading down here.
This spell is extremely dangerous to cast!
Memorise Spider Form, consuming 3 spell levels and leaving 1?
You start memorising the spell.
You continue memorising. x3
You finish memorising.
Spell assigned to 'c'.
You climb downwards.
Level annotation: Terence
There is a stone staircase leading up here.
An orc comes into view. It is wielding a +0 flail.
An orc and an orc warrior come into view.
The orc warrior is wielding a +2 short sword of speed.
The orc warrior shouts!
A goblin and 2 orcs come into view.
An adder comes into view.
Casting: Beastly Appendage (safe; 8% risk of failure)
Confirm with . or Enter, or press ? or * to list all spells.
One of your tentacles grows a vicious spike.
Your transformation is almost over.
You closely miss the orc. You grab the orc.
You pierce the orc, but do no damage.
You squeeze the orc!
You kill the orc!
The orc warrior misses you.
You barely miss the orc warrior. Your grab misses the orc warrior.
Your squeeze misses the orc warrior.
The orc warrior hits you with a +2 short sword of speed.
You tentacle-slap the orc warrior. You grab the orc warrior.
You pierce the orc warrior.
The orc warrior is lightly wounded.
You constrict the orc warrior, but do no damage.
The orc warrior hits you with a +2 short sword of speed!!
Ouch! That really hurt!
* * * LOW HITPOINT WARNING * * *
You tentacle-slap the orc warrior but do no damage.
You pierce the orc warrior, but do no damage.
The orc warrior is lightly wounded.
You constrict the orc warrior, but do no damage.
The orc warrior completely misses you.
The orc warrior hits you with a +2 short sword of speed.
You die...

####.# #.#....##.######.##.
#....# #.#....##.######.##.
#.#### #.#....##.........#.
#.#########.####.#########..##
#.......#....<...# #..#
####....#.#.###### ######..#
#....#.#.....# #.......##
#....#.#####.# #.####....
####.#...o@..# #.# #....
#....o##### #.# ##...
#.......o.# #.# ####
#.....###.# #.# #.....# #.#
#.# ### #.....# #o# #.######..
#.....# #.# #......... #.....#
#o# ########.. ####### .o. #..


You could see an orc warrior and an orc.

Vanquished Creatures
  2 gnolls (D:2)
  A worm (D:2)
  An orc (D:2)
  5 ball pythons
  2 bats (D:2)
  An endoplasm (D:1)
  4 giant cockroaches
  5 goblins (D:1)
  2 hobgoblins
  2 jackals (D:2)
  2 quokkas (D:2)
  5 frilled lizards
  A kobold (D:1)
  3 rats
36 creatures vanquished.

Notes
Turn   | Place    | Note
-------+----------+-------------------------------------------
     0 | D:1      | voltaire321 the Octopode Transmuter began the quest for the
                  | Orb.
     0 | D:1      | Reached XP level 1. HP: 13/13 MP: 3/3
   231 | D:1      | Reached XP level 2. HP: 16/18 MP: 3/5
   547 | D:1      | Learned a level 2 spell: Wereblood
   701 | D:1      | Found a faded altar of an unknown god.
  1114 | D:2      | Reached XP level 3. HP: 22/23 MP: 4/6
  1567 | D:2      | HP: 1/24 [gnoll/+0 club (7)]
  1569 | D:2      | Reached XP level 4. HP: 2/29 MP: 7/7
  1578 | D:2      | Noticed Terence
  1901 | D:1      | Learned a level 3 spell: Spider Form
  1917 | D:2      | Noticed an orc warrior
  1935 | D:2      | Slain by an orc warrior

Illustrated notes

Levels and vault maps discovered:
D:1:      dpeg_arrival_leaves_temple_mockup, layout_basic,
          hellmonk_ecumenical_altar_leap_of_faith
D:2:      layout_basic, uniq_terence, uniq_robin

Action                   |  1- 3 |  4- 6 || total
-------------------------+-------+-------++-------
Melee: Unarmed           |    80 |     5 ||    85
       Constrict         |    27 |     2 ||    29
       Tentacles         |     8 |     2 ||    10
       Kick              |    16 |     3 ||    19
       Punch             |     1 |       ||     1
 Cast: Beastly Appendage |    21 |     2 ||    23
 Stab: Sleeping          |     7 |       ||     7
Armor: Skin              |     9 |       ||     9
Dodge: Dodged            |    52 |    10 ||    62

Table legend: (Time is in decaauts)
 A = Elapsed time spent in this place.
 B = Non-inter-level travel time spent in this place.
 C = Inter-level travel time spent in this place.
 D = Time resting spent in this place.
 E = Time spent auto-exploring this place.
 F = Levels seen in this place.
 G = Mean time per level.
                   A        B        C        D        E       F      G
               +--------+--------+--------+--------+--------+-----+--------+
         Total |   1930 |   1908 |     22 |    403 |   1141 |   2 |  965.0 |
       Dungeon |   1930 |   1908 |     22 |    403 |   1141 |   2 |  965.0 |
               +--------+--------+--------+--------+--------+-----+--------+

Top non-repeatable levels by time:
     D:1: 1356 daAuts
     D:2: 573 daAuts
